 Dungeon Crawl Stone Soup version 0.18-a0-1514-g6ed9364 (webtiles) character file.

16 mrath the Skirmisher (level 2, -6/24 HPs)
             Began as a Demonspawn Abyssal Knight on Mar 6, 2016.
             Was a Follower of Lugonu.
             Mangled by Sigmund
             ... wielding a +0 scythe
              (13 damage)
             ... on level 2 of the Dungeon.
             The game lasted 00:06:27 (1299 turns).

mrath the Skirmisher (Demonspawn Abyssal Knight)    Turns: 1299, Time: 00:06:27

Health: -6/24      AC:  7    Str: 12    XL:     2   Next: 41%
Magic:  3/3        EV: 10    Int: 13    God:    Lugonu [*.....]
Gold:   64         SH:  2    Dex: 12    Spells: 0 memorised, 1 level left

rFire  . . .     SeeInvis .     a - +1 mace
rCold  . . .     Gourm    .     q - +0 ring mail
rNeg   . . .     Faith    .     (no shield)
rPois  .         Spirit   .     (no helmet)
rElec  .         Dismiss  .     (no cloak)
rCorr  .         Reflect  .     (no gloves)
SustAt .         Harm     .     (no boots)
MR     .....                    (no amulet)
Stlth  +.........               (no ring)
                                (no ring)

@: not resistant to hostile enchantments, very unstealthy
A: large bone plates 1
a: Depart the Abyss, Renounce Religion


You were on level 2 of the Dungeon.
You worshipped Lugonu.
Lugonu was aware of your devotion.
You were not hungry.

You visited 1 branch of the dungeon, and saw 2 of its levels.
You visited the Abyss 1 time.

You collected 64 gold pieces.

Inventory:

Hand Weapons
 a - a +1 mace (weapon)
 g - a +0 hunting sling
Missiles
 i - 32 stones (quivered)
Armour
 b - a +0 leather armour
 q - a +0 ring mail (worn)
Jewellery
 d - an uncursed ring of wizardry {unknown}
 l - an uncursed ring of ice {unknown}
Scrolls
 e - a scroll of remove curse {unknown}
 f - a scroll of teleportation {unknown}
 k - a scroll of recharging {unknown}
 p - a scroll of enchant weapon {unknown}
Potions
 h - 2 potions of degeneration {unknown}
 m - a potion of lignification {unknown}
 n - 3 potions of flight {unknown}
Comestibles
 c - a bread ration
 j - a meat ration


   Skills:
 - Level 3.0 Fighting
 + Level 2.8 Maces & Flails
 - Level 1.7 Armour
 - Level 0.8 Dodging
 - Level 2.4 Invocations


You had one spell level left.
You didn't know any spells.

Dungeon Overview and Level Annotations

Branches:
Dungeon (2/15)

Altars:

Annotations:
D:2 Sigmund


Innate Abilities, Weirdness & Mutations

You are partially covered in large bone plates (AC +2, SH +2).


Message History

The puff of flame hits you!
You feel less confused. Something hits you!
* * * LOW HITPOINT WARNING * * *
You block the goblin's attack. The goblin hits you but does no damage.
A puff of flame appears from out of thin air!
The puff of flame hits you!
* * * LOW HITPOINT WARNING * * *
You see here 16 gold pieces.
Sigmund appears from thin air!
Reactivating autopickup.
Found a stone staircase leading up.
Sigmund casts a spell.
Sigmund flickers and vanishes!
Deactivating autopickup; reactivate with Ctrl-A.
The goblin hits you but does no damage. Something hits you!
Ouch! That really hurt!
You die...

#.#.## #.#.....## ##
#.#@######.##...## #
#.......##.###+## #
###.###.##.# # # #.#
#.##.# #. #
#.###.##.###.####
#...............#
#####.##.#......#
#.<..@g..#...#.###
#.##.............#####
# ####..##.##.#......
#........#######
##.##.#### .##.# ###.#
#.# #.#


You could see a goblin.

Vanquished Creatures
  A giant gecko (D:1)
  2 goblins (D:1)
  5 hobgoblins
  2 bats
  2 kobolds
  2 rats (D:1)
14 creatures vanquished.

Notes
Turn   | Place    | Note
--------------------------------------------------------------
     0 | Abyss:1  | mrath the Demonspawn Abyssal Knight began the quest for the Orb.
     0 | Abyss:1  | Reached XP level 1. HP: 18/18 MP: 2/2
     0 | D:1      | Escaped the Abyss
   543 | D:1      | Reached * piety under Lugonu
   543 | D:1      | Gained mutation: You are partially covered in large bone plates (AC +2, SH +2). [demonic ancestry]
   543 | D:1      | Reached XP level 2. HP: 22/24 MP: 3/3
  1230 | D:2      | Noticed Sigmund
  1299 | D:2      | Mangled by Sigmund

Vault maps used:
D:1:      mushboom_english_gardens, hangedman_glass_teeth
D:2:      nicolae_overflow_hidden_temple, dk_vineyard_1, uniq_iyjb, uniq_sigmund

Skill      XL: |  1 |
---------------+----+-----
Maces & Flails | 2 |  2.8
Fighting       | |  3.0
Armour         | |  1.7
Dodging        | |  0.8
Invocations    | |  2.4

Action                   || total
-------------------------++-------
Melee: Mace              ||    55
Invok: Depart the Abyss  ||     1
  Eat: Chunk             ||     1
